 Dungeon Crawl Stone Soup version 0.26.1-11-gd32895ea62 (webtiles) character file.

Game seed: 9686882163542500164

100 unlimited1921 the Conjurer (level 4, -4/33 HPs)
             Began as a Demigod Conjurer on July 13, 2021.
             Splashed by Ijyb's acid (12 damage)
             ... on level 3 of the Dungeon.
             The game lasted 00:30:10 (6725 turns).

unlimited1921 the Conjurer (Demigod Conjurer)       Turns: 6725, Time: 00:30:17

Health: -4/33      AC:  0    Str: 12    XL:     4   Next: 23%
Magic:  5/10       EV: 11    Int: 22    God:
Gold:   105        SH:  3    Dex: 14    Spells: 6/7 levels left

rFire    . . .     SeeInvis .   z - +0 long sword
rCold    . . .     Faith    .   b - +0 buckler
rNeg     . . .     Spirit   .   c - +0 leather armour (curse)
rPois    .         Reflect  .   (no helmet)
rElec    .         Harm     .   (no cloak)
rCorr    .         Rampage  .   (no gloves)
Will     .....                  y - +0 pair of boots
Stlth    ++........             (no amulet)
HPRegen  0.11/turn              (no ring)
MPRegen  0.12/turn              (no ring)

@: corroded
A: high mp 1
a: no special abilities


You were on level 3 of the Dungeon.
You visited 1 branch of the dungeon, and saw 3 of its levels.

You collected 105 gold pieces.

Inventory:

Hand Weapons
 k - a +0 short sword
 r - a +0 whip
 s - a +0 dagger of draining
 z - a +0 long sword (weapon)
Missiles
 e - 29 bolts
 l - 94 arrows
 m - 5 boomerangs
 n - 71 stones
 B - 16 sling bullets
Armour
 a - a +0 robe
 b - a +0 buckler (worn)
 c - a cursed +0 leather armour (worn)
 d - a +0 plate armour
 o - a cursed +0 scale mail
 y - a +0 pair of boots (worn)
Jewellery
 h - an uncursed ring of flight {unknown}
 p - an uncursed ring of poison resistance {unknown}
 A - an uncursed amulet of guardian spirit {unknown}
Scrolls
 g - a scroll of immolation {unknown}
 i - a scroll of teleportation
 j - a scroll of identify {unknown}
 q - a scroll of magic mapping {unknown}
 v - a scroll of noise {unknown}
Potions
 f - a potion of curing {unknown}
 t - a potion of attraction {unknown}
 u - 3 potions of heal wounds
 w - 2 potions of degeneration {unknown}
 x - a potion of invisibility {unknown}
 C - a potion of haste {unknown}


   Skills:
 + Level 0.3 Short Blades
 + Level 0.9 Armour
 + Level 2.2 Dodging
 + Level 2.1 Stealth
 + Level 2.4 Spellcasting
 + Level 4.4 Conjurations


You had 6 spell levels left.
You knew the following spells:

 Your Spells              Type           Power        Failure   Level
a - Magic Dart            Conj           88%          4%          1

Your spell library contained the following spells:

 Spells                   Type           Power        Failure   Level
 Searing Ray              Conj           44%          7%          2
 Dazzling Flash           Conj/Hex       24%          32%         3
 Fulminant Prism          Conj/Hex       6%           73%         4
 Iskenderun's Mystic Bla  Conj/Tloc      12%          73%         4


Dungeon Overview and Level Annotations

Branches:
Dungeon (3/15)

Annotations:
D:3 Ijyb


Innate Abilities, Weirdness & Mutations

You have an increased reservoir of magic. (+10% MP)


Message History

The magic dart hits Ijyb.
Ijyb is lightly wounded.
Ijyb screams, "I no like you!"
You slash Ijyb!
Ijyb is heavily wounded.
Ijyb hits you with a cursed -1 dagger.
You barely miss Ijyb.
Ijyb is heavily wounded.
You block Ijyb's attack. Ijyb hits you but does no damage.
You miss Ijyb.
Ijyb is heavily wounded.
You block Ijyb's attack.
You closely miss Ijyb.
Ijyb is heavily wounded.
Ijyb zaps a wand.
The bolt of acid misses you.
Ijyb zaps a wand.
The bolt of acid hits you!!
Ouch! That really hurt!
* * * LOW HITPOINT WARNING * * *
The acid corrodes you!
You are splashed with acid!
You die...

#.# ##.## #.#
#.# #.# #.#
#.# #+# #.#
#.### . #.#.##
...
#....####.....
#.....@g'.....
#....####.....
###.#.### ...
#.......# .
#.#.###.#
#.#>###.######
#.#.#........#
#.....#.####.#
#.#.#.#.#


You could see Ijyb.

Vanquished Creatures
  2 adders (D:2)
  2 worms (D:2)
  2 dart slugs
  A leopard gecko (D:3)
  3 orcs (D:3)
  4 giant cockroaches
  7 goblins
  10 hobgoblins
  2 jackals (D:1)
  11 kobolds
  2 ball pythons (D:1)
  9 bats
  2 frilled lizards
  13 rats
70 creatures vanquished.

Notes
Turn   | Place    | Note
-------+----------+-------------------------------------------
     0 | D:1      | unlimited1921 the Demigod Conjurer began the quest for the
                  | Orb.
     0 | D:1      | Reached XP level 1. HP: 14/14 MP: 5/5
   639 | D:1      | Reached skill level 4 in Conjurations
   951 | D:1      | Reached XP level 2. HP: 20/20 MP: 4/7
  2850 | D:2      | Reached XP level 3. HP: 24/26 MP: 4/8
  5350 | D:3      | Reached XP level 4. HP: 33/33 MP: 8/10
  5913 | D:3      | Found a stormy altar of Qazlal.
  6716 | D:3      | Noticed Ijyb
  6725 | D:3      | Splashed by Ijyb's acid

Illustrated notes

Levels and vault maps discovered:
D:1:      evilmike_arrival_plus, layout_loops_ring
D:2:      minmay_angry_zag, layout_loops_cross, minmay_rat_gold_closets
D:3:      layout_loops_corners, marbit_many_paths, uniq_ijyb

Skill      XL: |  1  2  3 |
---------------+----------+-----
Conjurations   | 4 |  4.4
Spellcasting   | 2 |  2.4
Dodging        | 2 |  2.2
Stealth        | 2 |  2.1
Short Blades   | |  0.3
Armour         | |  0.9

Action                   |  1- 3 |  4- 6 || total
-------------------------+-------+-------++-------
Melee: Short sword       |    45 |       ||    45
       Long sword        |     3 |    10 ||    13
 Cast: Magic Dart        |    91 |    26 ||   117
  Use: Scroll            |       |     1 ||     1
       Potion            |       |     1 ||     1
 Stab: Sleeping          |     4 |     1 ||     5
Armor: Robe              |     2 |       ||     2
       Leather armour    |     7 |       ||     7
Dodge: Dodged            |    30 |     4 ||    34
Block: Buckler           |     9 |     3 ||    12
       Rpst.: Long sword |     1 |     2 ||     3
